 Dungeon Crawl Stone Soup version 0.17-a0-2069-g0f4ee5b (webtiles) character file.

1180858 derrpe the Conqueror (level 27, -4/249 HPs)
             Began as a Formicid Fighter on Oct 13, 2015.
             Was the Champion of Cheibriados.
             Killed from afar by Lom Lobon (20 damage)
             ... with a great icy blast
             ... in Pandemonium.
             The game lasted 06:36:10 (116315 turns).

derrpe the Conqueror (Formicid Fighter)           Turns: 116315, Time: 06:36:10

Health: -4/249     AC: 42    Str: 44    XL:     27
Magic:  19/41      EV: 27    Int: 32    God:    Cheibriados [******]
Gold:   9262       SH: 29    Dex: 33    Spells: 9 memorised, 7 levels left

rFire  + + .     SeeInvis +     b - +11 glaive of Qagatiug {chop, Str+3 Int+3}
rCold  + + .     Clarity  .     G - +7 gold dragon armour
rNeg   + + .     SustAt   +     H - +1 large shield {AC+3}
rPois  +         Gourm    .     (helmet unavailable)
rElec  +         Spirit   .     B - +0 cloak {rPois}
rCorr  +         Warding  .     m - +0 pair of gloves {archery}
rMut   +         Stasis   +     S - +0 pair of boots
MR     ++...                    M - amulet of resist mutation
Stlth  ..........               F - ring "Takkihiceo" {Wiz rN++ SInv Stlth+}
                                L - ring "Caacel" {SustAt rElec Str+2 Dex+4}

@: resistant, frozen, regenerating, deflect missiles, very slow, very resistant
to hostile enchantments, extremely unstealthy
A: permanent stasis, dig shafts and tunnels, four strong arms, antennae 3, high
mp 1
a: Dig, Shaft Self, Bend Time, Temporal Distortion, Slouch, Step From Time,
Renounce Religion
}: 10/15 runes: serpentine, barnacled, slimy, silver, iron, obsidian, icy, bone,
abyssal, demonic


You were in Pandemonium.
You worshipped Cheibriados.
Cheibriados was exalted by your worship.
You were not hungry.

You visited 17 branches of the dungeon, and saw 92 of its levels.
You visited Pandemonium 1 time, and saw 15 of its levels.
You visited the Abyss 1 time.
You visited 1 ziggurat, and saw 12 of its levels.
You also visited: Labyrinth and Ossuary.

You collected 11223 gold pieces.
You spent 1961 gold pieces at shops.

Inventory:

Hand Weapons
 a - the +4 arbalest of Ataiblu {penet, Str+7 Dex-3 SInv}
   (You found it on level 1 of the Vaults)

   Ammo fired by it will pass through the targets it hits, potentially hitting
   all targets in its path until it reaches maximum range.
   It affects your strength (+7).
   It affects your dexterity (-3).
   It lets you see invisible.
 b - the +11 glaive of Qagatiug (weapon) {chop, Str+3 Int+3}
   (You found it on level 6 of the Pits of Slime)

   It inflicts extra damage upon your enemies.
   It affects your strength (+3).
   It affects your intelligence (+3).
 i - the +6 triple crossbow "Ygiezi" {venom, Int+2 SInv}
   (You found it on level 6 of a ziggurat)

   It poisons the ammo it fires.
   It affects your intelligence (+2).
   It lets you see invisible.
 U - a +9 triple crossbow of evasion
Missiles
 o - 1274 bolts
 I - 15 throwing nets {=f}
 W - 80 steel bolts
Armour
 m - a +0 pair of gloves of archery (worn)
 B - a +0 cloak of poison resistance (worn)
 G - a +7 gold dragon armour (worn)
 H - a +1 large shield of protection (worn)
 S - a +0 pair of boots (worn)
Rods
 h - a +5 rod of inaccuracy (11/11)
   (You found it on level 9 of a ziggurat)
Jewellery
 c - the ring of Osual {rN+ Str+10 Int+7}
   (You found it on level 9 of a ziggurat)

   [ring of positive energy]

   It affects your strength (+10).
   It affects your intelligence (+7).
   It protects you from negative energy.
 C - the amulet of Disaster {rCorr rN+++ MR- Int+2}
   (You took it off a deep elf fighter on level 3 of the Elven Halls)

   [amulet of resist corrosion]

   It protects you from acid and corrosion.
   It affects your intelligence (+2).
   It renders you almost immune to negative energy.
   It affects your resistance to hostile enchantments.
 F - the ring "Takkihiceo" (right hand) {Wiz rN++ SInv Stlth+}
   (You found it on level 7 of Tartarus)

   [ring of wizardry]

   It improves your spell success rate.
   It greatly protects you from negative energy.
   It lets you see invisible.
   It makes you more stealthy.
 J - an uncursed ring of flight
 L - the ring "Caacel" (left hand) {SustAt rElec Str+2 Dex+4}
   (You found it in a labyrinth)

   [ring of sustain attributes]

   It sustains your strength, intelligence and dexterity.
   It affects your strength (+2).
   It affects your dexterity (+4).
   It insulates you from electricity.
 M - an amulet of resist mutation (around neck)
 Q - an uncursed amulet of clarity
Wands
 l - a wand of digging (5)
 t - a wand of heal wounds (0)
Scrolls
 f - 2 scrolls of summoning
 n - 6 scrolls of identify
 q - 39 scrolls of remove curse
 s - 2 scrolls of enchant armour
 u - 3 scrolls of silence
 v - 6 scrolls of fog
 y - 5 scrolls of magic mapping
 K - 5 scrolls of fear
 O - 2 scrolls of holy word
 P - a scroll of amnesia
Potions
 g - 10 potions of cure mutation
 p - 13 potions of brilliance
 w - a potion of might
 z - 9 potions of flight
 A - 4 potions of magic
 D - 4 potions of curing
 T - 5 potions of cancellation
Miscellaneous
 d - a sack of spiders
 k - a lamp of fire (inert)
 r - 3 phantom mirrors
 N - a legendary deck of summoning {drawn: 2}
 Z - a fan of gales
Comestibles
 e - 32 bread rations {@e1}
 j - 4 chunks of flesh {@w0}
 x - 5 royal jellies
 E - 67 fruits


   Skills:
 O Level 27 Fighting
 - Level 21.2 Polearms
 + Level 22.4 Crossbows
 - Level 26.1 Armour
 - Level 16.5 Dodging
 - Level 18.3 Shields
 - Level 4.5 Spellcasting
 - Level 15.2 Charms
 - Level 14.0 Summonings
 - Level 7.4 Necromancy
 - Level 14.1 Translocations
 O Level 27 Air Magic
 - Level 21.2 Invocations
 - Level 6.5 Evocations


You had 7 spell levels left.
You knew the following spells:

 Your Spells              Type           Power        Failure   Level  Hunger
a - Aura of Abjuration    Summ           #######...   1%          5    #####..
b - Apportation           Tloc           #######...   1%          1    None
c - Summon Butterflies    Summ           #######.     1%          1    None
d - Deflect Missiles      Chrm/Air       #######...   1%          6    ######.
e - Phase Shift           Tloc           #######...   1%          5    #####..
f - Shroud of Golubria    Chrm/Tloc      #######...   1%          2    None
g - Portal Projectile     Tloc           ######       1%          3    #......
h - Song of Slaying       Chrm           #######.     1%          2    None
r - Regeneration          Chrm/Necr      ######....   1%          3    #......


Dungeon Overview and Level Annotations

Branches:
Dungeon (15/15)            Temple (1/1) D:5            Lair (8/8) D:9
 Shoals (4/4) Lair:4        Snake (4/4) Lair:4        Slime (6/6) Lair:7
    Orc (4/4) D:9             Elf (3/3) Orc:3        Vaults (5/5) D:14
  Crypt (3/3) Vaults:3       Tomb (0/3) Crypt:3      Depths (5/5) D:15
   Hell (1/1)                 Dis (7/7) Hell            Geh (7/7) Hell
    Coc (7/7) Hell            Tar (7/7) Hell            Zot (5/5) Depths:5

Altars:
Ashenzari
Cheibriados
Dithmenos
Elyvilon
Fedhas
Gozag
Kikubaaqudgha
Makhleb
Nemelex Xobeh
Okawaru
Qazlal
Ru
Sif Muna
Trog
Vehumet
Xom
Yredelemnul
Zin
The Shining One
Beogh
Jiyva

Shops:
D:13 }   Orc:2 *   Orc:4 ?(:[*   Elf:2 }(   Snake:1 :   Vaults:1 [   Vaults:2 :
Vaults:4 [

Portals:
Hell: Depths:1 Depths:2 Depths:3 Depths:4 Depths:5
Abyss: Depths:4 Depths:5
Pandemonium: Depths:3
Ziggurat: Depths:2

Annotations:
D:15 1 runed door, exclusion: orange crystal statue
Depths:4 1 exclusion
Dis:3 10 runed doors
Coc:7 exclusion: 2 ice statues
Pan Lom Lobon


Innate Abilities, Weirdness & Mutations

You are under a permanent stasis effect.
You can dig through walls and to a lower floor.
Your four strong arms can wield two-handed weapons with a shield.
You have a pair of large antennae on your head (SInv).
You have an increased reservoir of magic (+10% MP).


Message History

The blast of lightning engulfs Lom Lobon.
Lom Lobon completely resists.
The blast of lightning engulfs the ball lightning.
The ball lightning completely resists.
The blast of lightning engulfs you! You resist.
* * * LOW HITPOINT WARNING * * *
Cheibriados thoroughly appreciates the change of pace.
The ball lightning explodes!
The blast of lightning engulfs your fire elemental.
Your fire elemental resists.
The blast of lightning engulfs Lom Lobon.
Lom Lobon completely resists.
Cheibriados thoroughly appreciates the change of pace.
You feel somewhat more hungry.
You are engulfed in freezing vapours.
You resist.
* * * LOW HITPOINT WARNING * * *
Lom Lobon gestures at you.
Lom Lobon conjures a mighty blast of ice!
The great icy blast engulfs you! You partially resist.
You die...

**..##..§.≈≈≈≈...,,,≈**#≈....
*,......§≈≈..≈≈.....≈≈*#≈....
*,φ.{..(E≈≈..≈≈.....≈≈*#≈....
**,,##§(..§≈≈≈......≈**#≈....
*###§.§.§§§≈......≈≈* #≈....
##..§...§&........≈** #≈..⌠.
##....§§.§§§§§§...≈≈* #≈....
#......§§§§§§§§§§≈≈#* #≈≈...
#.........§§@§§§§≈#* ##≈...
#........§§§§§§§### #≈≈≈.
##.....########### ###≈≈
#((.§§§# ################
#((..§§## ###≈≈≈≈≈≈≈≈≈≈≈≈≈≈≈
##....).#####......)..........
#.....).##{.[................
#...........≈≈≈≈≈≈≈≈≈≈≈≈≈≈≈..
##.........≈≈............≈≈..


You could see Lom Lobon and a friendly fire elemental.

Vanquished Creatures
  Antaeus (Coc:7)
  Asmodeus (Geh:7)
  the royal jelly (Slime:6)
  Dissolution (Slime:2)
  Ereshkigal (Tar:7)
  A seraph (Pan)
  the Serpent of Hell (Geh:7)
  7 orbs of fire
  Mara (Vaults:5)
  9 ancient liches
  A greater mummy (Zig:3)
  The ghost of Uberwunderbarhen the Acrobat, a legendary OpFi of Cheibriados (Pan)
  Boris (Depths:5)
  Frederick (Depths:4)
  Norris (Snake:3)
  Saint Roka (Depths:4)
  34 shard shrikes
  9 Killer Klowns
  2 curse toes (Zot:4)
  Geryon (Hell)
  7 golden dragons
  A profane servitor (Crypt:3)
  The ghost of WildSam the Sensei, a veteran DsGl of Okawaru (Depths:2)
  the Enchantress (Depths:2)
  Xtahua (Vaults:2)
  6 pandemonium lords (Pan)
  A pearl dragon (Zig:8)
  12 bone dragons
  4 electric golems
  29 Brimstone Fiends
  A shard shrike zombie (Crypt:1)
  7 Hell Sentinels
  13 tentacled monstrosities
  20 Ice Fiends
  12 liches
  A shard shrike skeleton (Crypt:1)
  25 Orb Guardians (Zot:5)
  6 titans
  17 Shadow Fiends
  A deep elf blademaster (Elf:3)
  2 deep elf master archers (Elf:3)
  31 acid blobs
  A quicksilver dragon (Vaults:5)
  A kraken (Shoals:4)
  4 eldritch tentacles
  7 sphinxes
  A tentacled starspawn (Abyss:3)
  2 octopode crushers
  A sphinx (shapeshifter) (Depths:2)
  Gastronok (Lair:3)
  8 ancient champions
  13 Executioners (Pan)
  11 death cobs
  Frances (D:12)
  19 storm dragons
  Kirke (Shoals:4)
  A storm dragon (shapeshifter) (Abyss:3)
  A fire giant (shapeshifter) (Zig:10)
  11 shadow dragons
  7 tengu reavers
  23 daevas
  7 draconian monks
  Ilsuiw (Shoals:4)
  14 azure jellies
  2 revenants
  Wiglaf (Crypt:2)
  10 greater nagas
  12 fire giants
  Donald (Shoals:1)
  22 balrugs
  4 iron dragons (Dis:7)
  20 frost giants
  5 draconian knights
  11 deep elf sorcerers
  2 draconian scorchers
  A caustic shrike zombie (Depths:5)
  3 curse skulls (Crypt:3)
  4 draconian shifters
  19 vault wardens
  9 draconian zealots
  17 cacodemons
  25 angels (Pan)
  5 ghost moths
  3 war gargoyles
  16 ghouls
  6 spriggan defenders
  24 very ugly things
  13 draconian annihilators
  A juggernaut skeleton (Crypt:3)
  2 warmongers (Pan)
  21 ironheart preservers
  53 reapers
  17 ophanim
  12 salamander firebrands
  A caustic shrike skeleton (Zig:9)
  4 draconian callers
  8 vampire knights
  23 apis
  2 elemental wellsprings (Coc:7)
  8 green draconians
  2 bennus (Zig:7)
  18 stone giants
  6 chaos champions
  2 blood saints (Pan)
  3 corrupters (Pan)
  2 black suns (Pan)
  13 black draconians
  9 deep elf annihilators
  8 lorocyprocas
  5 deep elf demonologists
  2 salamander stormcallers
  Azrael (D:13)
  10 red draconians
  11 white draconians
  6 purple draconians
  10 yellow draconians
  6 mottled draconians
  10 merfolk impalers
  40 vault guards
  11 jiangshi
  9 death oozes
  25 fire dragons
  2 crystal guardians
  6 eidola
  A mummy priest (Zig:3)
  16 deep elf death magi
  A minotaur (Lab)
  19 blizzard demons
  11 ettins
  4 merfolk javelineers
  19 green deaths
  7 quicksilver dragon zombies
  Josephine (Orc:3)
  8 deep elf high priests
  8 entropy weavers
  A kraken zombie (Coc:3)
  11 yaktaur captains
  13 rakshasas
  35 ice dragons
  12 great orbs of eyes
  17 ogre magi
  A ghost crab (Zig:2)
  10 hydras
  A catoblepas (Lair:7)
  17 anacondas
  4 quicksilver dragon skeletons
  23 naga warriors
  9 spriggan air magi
  A monstrous demonspawn (Pan)
  4 merfolk avatars
  Erolcha (D:11)
  2 hell beasts
  13 centaur warriors
  4 merfolk aquamancers
  An alligator (Abyss:3)
  2 alligator snapping turtles (Shoals:4)
  2 satyrs
  6 death knights
  18 dancing weapons
  4 orc high priests
  5 tengu warriors
  11 hell hogs
  6 death yaks
  11 deep troll earth magi
  9 titan zombies
  10 shock serpents
  8 deep troll shamans
  7 vampire magi
  3 thrashing horrors
  Urug (Orc:1)
  6 spriggan berserkers
  14 naga sharpshooters
  3 iron golems
  32 soul eaters
  3 spriggans (Depths:5)
  28 sun demons
  9 storm dragon zombies
  Sonja (D:11)
  5 fire crabs
  46 ice devils
  11 wizards
  73 hell knights
  2 wretched stars (Abyss:3)
  5 shadow wraiths
  6 golden dragon zombies
  4 unseen horrors
  3 unseen horrors (shapeshifter)
  18 small abominations
  A spatial maelstrom (Abyss:3)
  4 titan skeletons
  23 sea snakes
  2 fire crabs (shapeshifter)
  33 deep elf knights
  7 giant orange brains
  3 infernal demonspawn (Pan)
  4 ball lightnings (Pan)
  113 skeletal warriors
  14 iron trolls
  15 cherubim
  9 mana vipers
  4 kraken simulacra (Coc:7)
  18 deep trolls
  17 anaconda zombies
  13 naga ritualists
  11 flayed ghosts
  30 harpies
  15 orc knights
  2 starcursed masses (Abyss:3)
  3 salamander mystics
  6 storm dragon skeletons
  3 ghost moth zombies
  A death drake (shapeshifter) (Vaults:5)
  7 putrid demonspawn (Pan)
  5 torturous demonspawn (Pan)
  5 ice statues
  A swamp dragon (shapeshifter) (Vaults:5)
  An obsidian statue (Depths:1)
  3 tengu zombies
  5 shadow dragon zombies
  A gelid demonspawn (Pan)
  21 necromancers
  17 deep elf summoners
  A lindwurm (Lair:5)
  6 anaconda skeletons
  5 golden dragon skeletons
  13 hill giants
  10 shadow demons
  2 wolf spider zombies
  13 phantasmal warriors
  An oklob plant (Lair:6)
  5 iron dragon zombies
  25 deep elf conjurers
  2 tengu skeletons
  The ghost of asdu the Arsonist, a novice DEFE of Sif Muna (D:8)
  15 fauns
  12 frost giant zombies
  A harpy (shapeshifter) (Vaults:1)
  42 ugly things
  22 salamanders
  5 shadow dragon skeletons
  7 cyclopes
  An anubis guard (Zig:7)
  7 stone giant zombies
  3 wolf spiders
  11 griffons
  14 ironbrand convokers
  16 shining eyes
  8 orc sorcerers
  23 naga magi
  9 fire giant zombies
  A guardian serpent (shapeshifter) (Vaults:3)
  A cyclops (shapeshifter) (Depths:2)
  A salamander (shapeshifter) (Abyss:3)
  15 vault sentinels
  6 elephants
  8 water nymphs
  A worldbinder (Abyss:3)
  6 guardian serpents
  5 frost giant skeletons
  2 hornets
  12 manticores
  24 moths of wrath
  3 iron dragon skeletons
  5 dire elephant zombies
  Maurice (D:8)
  14 sixfirhies
  11 stone giant skeletons
  4 eyes of devastation
  60 black mambas
  11 molten gargoyles (Geh:7)
  21 rust devils
  3 shock serpent zombies
  4 gargoyles (Lab)
  14 sirens
  An eye of devastation (shapeshifter) (Vaults:5)
  4 apocalypse crabs
  5 storm dragon simulacra
  60 smoke demons
  5 fire giant skeletons
  4 torpor snails
  A black mamba (shapeshifter) (Vaults:3)
  A torpor snail (shapeshifter) (Depths:3)
  An orange crystal statue (Zig:2)
  9 orange demons
  7 anaconda simulacra (Coc:7)
  66 yaktaurs
  3 catoblepas zombies
  20 spiny frogs
  5 dire elephant skeletons
  2 fire drakes
  9 titan simulacra
  43 tormentors
  A spiny frog (shapeshifter) (Vaults:4)
  4 demonic crawlers
  A komodo dragon (shapeshifter) (Vaults:2)
  31 hellions
  8 efreet
  4 komodo dragons
  40 red devils
  4 harpy zombies
  A queen bee (Lair:2)
  11 kobold demonologists
  3 catoblepas skeletons
  25 deep elf priests
  A redback zombie (D:15)
  A black draconian skeleton (Crypt:1)
  7 guardian mummies
  7 tengu conjurers
  3 spriggan skeletons
  4 ancient zymes (Abyss:3)
  A death yak skeleton (Crypt:1)
  27 hellwings
  A polar bear (Lair:5)
  7 trolls
  14 wind drakes
  A yaktaur skeleton (Vaults:5)
  2 harpy skeletons
  34 freezing wraiths
  19 hydra zombies
  42 merfolk
  2 silent spectres (Tar:7)
  27 blue devils
  A polar bear (shapeshifter) (Vaults:4)
  10 raiju (Abyss:3)
  3 minotaur skeletons
  29 two-headed ogres
  Prince Ribbit (Lair:3)
  2 jumping spiders (shapeshifter)
  7 boulder beetles
  5 fire dragon zombies
  A jumping spider (Vaults:4)
  6 alligator zombies
  A boulder beetle (shapeshifter) (Vaults:5)
  2 guardian serpent zombies (Crypt:2)
  A giant leech (Lair:8)
  6 hydra skeletons
  4 elf zombies
  6 snapping turtles
  6 bog bodies (Coc:7)
  3 wolf spider simulacra
  8 ice dragon zombies
  A redback (shapeshifter) (Vaults:5)
  3 fire giant simulacra
  8 ettin zombies
  45 shadows
  A stone giant simulacrum (Crypt:3)
  2 black mamba zombies
  5 air elementals
  49 blink frogs
  2 trapdoor spiders
  19 water elementals
  17 fire elementals
  4 wyverns
  125 slime creatures
  An alligator skeleton (Coc:5)
  Sigmund (D:3)
  118 flying skulls
  15 redbacks
  7 fire dragon skeletons
  5 tarantellas
  A hill giant zombie (Crypt:3)
  50 deep elf magi
  6 ice dragon skeletons
  11 ettin skeletons
  6 hungry ghosts
  44 wraiths
  18 humans (D:14)
  16 chaos spawn
  4 fire bats (Geh:5)
  16 golden eyes
  34 large abominations
  A black mamba skeleton (Geh:7)
  13 neqoxecs (Pan)
  2 basilisks (shapeshifter)
  17 vampires
  17 ynoxinuls
  A steam dragon (D:12)
  A yaktaur simulacrum (Vaults:5)
  26 vampire mosquitoes
  10 basilisks
  19 hippogriffs
  2 elf skeletons
  A hog (Shoals:4)
  A mottled dragon (Vaults:1)
  50 yaks
  14 wolves
  2 spatial vortices (Abyss:3)
  12 wargs
  2 soldier ants
  63 deep elf fighters
  65 nagas
  A naga (shapeshifter) (Vaults:1)
  4 spiny frog zombies
  16 water moccasins
  A hornet simulacrum (D:14)
  A merfolk skeleton (Tar:7)
  A black bear (shapeshifter) (Elf:2)
  7 hydra simulacra
  5 wasps
  13 porcupines
  6 sky beasts
  58 hell hounds
  5 necrophages
  42 orc warriors
  A spiny frog skeleton (Geh:3)
  A wasp (shapeshifter) (Depths:4)
  27 centaurs
  9 boggarts
  A sky beast (shapeshifter) (Vaults:5)
  5 snapping turtle zombies
  An eye of draining (shapeshifter) (Vaults:4)
  5 phantoms
  A black bear (D:9)
  3 swamp dragon zombies
  18 eyes of draining
  4 manticore zombies
  21 ice beasts
  50 ogres
  2 fire dragon simulacra
  4 manticore skeletons
  6 snapping turtle skeletons
  3 big kobolds
  20 crocodiles
  2 swamp dragon skeletons
  The ghost of B1inky the Conjurer, an amateur OpWz (D:6)
  A fire drake zombie (Crypt:2)
  2 lindwurm skeletons (Crypt:1)
  An elf simulacrum (Vaults:1)
  27 giant frogs
  A gnoll sergeant (D:10)
  A vine stalker skeleton (Crypt:2)
  3 water moccasin zombies (Ossuary)
  2 scorpions
  2 spriggan zombies
  3 vampire bats (Lair:2)
  A boulder beetle zombie (Crypt:3)
  35 killer bees
  12 electric eels
  A polar bear skeleton (Crypt:2)
  5 troll skeletons
  98 wights
  2 quasits
  24 crimson imps
  A giant frog zombie (D:11)
  4 centaur zombies
  57 jellies
  34 orc wizards
  2 human zombies
  25 orc priests
  A wasp zombie (D:14)
  7 centaur skeletons
  11 hounds
  A human skeleton (Geh:2)
  3 giant frog skeletons
  Terence (D:2)
  6 iguanas
  16 worker ants
  20 iron imps
  A naga zombie (Tar:7)
  4 big kobold zombies (Ossuary)
  25 sheep
  A killer bee zombie (Crypt:3)
  A mottled dragon skeleton (Crypt:3)
  A centaur simulacrum (Coc:6)
  2 naga skeletons (Geh:2)
  3 hound zombies
  6 mummies
  A worker ant zombie (Crypt:3)
  2 hound skeletons (D:7)
  A gnoll (shapeshifter) (Abyss:3)
  73 river rats
  11 adders
  8 gnolls
  An ogre simulacrum (Coc:7)
  24 white imps
  8 shadow imps
  An ufetubus (Abyss:3)
  3 oozes
  An iguana zombie (Crypt:2)
  A sheep skeleton (Crypt:3)
  2 adder skeletons (D:4)
  7 adder zombies
  An iguana skeleton (Crypt:2)
  2 worms
  10 giant geckos
  230 orcs
  4 giant cockroaches
  9 hobgoblins
  A jackal (shapeshifter) (Vaults:5)
  12 kobolds
  5 quokkas
  A ball python (D:8)
  A ball python zombie (Crypt:1)
  14 bats
  A giant gecko skeleton (D:6)
  5 giant newts
  2 gnoll zombies (Ossuary)
  9 goblins
  5 hobgoblin zombies (Ossuary)
  6 jackals
  A jackal skeleton (D:4)
  A kobold simulacrum (Coc:7)
  2 kobold skeletons
  3 kobold zombies
  7 orc zombies
  A quokka zombie (D:6)
  7 rats
  A bush (Lair:4)
  9 crawling corpses
  8 fire vortices
  5 fungi
  2 lost souls
  10 plants
  A starspawn tentacle (Abyss:3)
  10 tentacles
5555 creatures vanquished.

Vanquished Creatures (collateral kills)
  Dispater (Dis:7)
  A greater naga (Snake:4)
  A vault warden (Vaults:2)
  A hydra (D:13)
  A naga warrior (Snake:4)
  A faun (Shoals:4)
  2 nagas (Snake:4)
  An orc warrior (Vaults:3)
  An ogre (Vaults:3)
  A crocodile (Lair:7)
  A small abomination (Depths:1)
  A kobold (Vaults:2)
13 creatures vanquished.

Vanquished Creatures (others)
  A pandemonium lord (Pan)
  A titan (Vaults:5)
  2 eldritch tentacles
  A storm dragon (Vaults:5)
  A fire giant (Depths:2)
  2 stone giants
  A draconian caller (Zot:2)
  A deep elf annihilator (Vaults:5)
  A red draconian (Zot:1)
  A green death (Pan)
  A blizzard demon (Pan)
  2 yaktaur captains
  A rakshasa (Pan)
  A hell beast (Pan)
  A monstrous demonspawn (Pan)
  A satyr (Shoals:4)
  6 naga sharpshooters
  A deep elf knight (Zig:6)
  A naga mage (Snake:4)
  26 ball lightnings (Pan)
  A wizard (Pan)
  A necromancer (Geh:4)
  A deep elf conjurer (Elf:1)
  A cyclops (Vaults:2)
  2 salamanders
  A siren (Shoals:4)
  A centaur zombie (D:15)
  A fire giant skeleton (Geh:7)
  An iron dragon skeleton (Geh:2)
  A rust devil (Dis:7)
  A vault sentinel (Vaults:1)
  A human skeleton (Vaults:5)
  A centaur skeleton (D:15)
  A hellwing (Pan)
  8 yaktaurs
  2 wind drakes (Pan)
  A merfolk (Shoals:4)
  A hydra skeleton (Geh:7)
  A two-headed ogre (Vaults:4)
  A flying skull (Coc:5)
  An alligator skeleton (Geh:7)
  A fire dragon skeleton (Geh:7)
  A black mamba skeleton (Geh:7)
  A human (Shoals:4)
  A chaos spawn (Pan)
  3 hogs (Shoals:4)
  A naga (Snake:4)
  An emperor scorpion simulacrum (Coc:7)
  A hell hound (Geh:7)
  A merfolk skeleton (Geh:7)
  5 ogres
  An orc wizard (Vaults:4)
  A tengu skeleton (Geh:7)
  An orc (Elf:1)
  2 bushes (Lair:7)
  206 eldritch tentacle segments
  A fire vortex (Vaults:5)
  16 fungi
  3 lost souls
  3 lurking horrors (Abyss:3)
  30 plants
  2 starspawn tentacles (Abyss:3)
  42 tentacles
  1511 tentacle segments
1918 creatures vanquished.

Grand Total: 7486 creatures vanquished

Notes
Turn   | Place    | Note
--------------------------------------------------------------
     0 | D:1      | derrpe the Formicid Fighter began the quest for the Orb.
     0 | D:1      | Reached XP level 1. HP: 18/18 MP: 1/1
   145 | D:1      | Reached XP level 2. HP: 24/24 MP: 2/2
   323 | D:1      | Reached XP level 3. HP: 26/29 MP: 3/3
   346 | D:1      | Reached skill level 4 in Shields
   684 | D:2      | Noticed Terence
   942 | D:2      | Killed Terence
   942 | D:2      | Reached XP level 4. HP: 32/35 MP: 4/4
   944 | D:2      | Found a sparkling altar of Nemelex Xobeh.
  1357 | D:2      | Reached XP level 5. HP: 41/41 MP: 5/5
  1569 | D:3      | Found a stormy altar of Qazlal.
  1706 | D:3      | Noticed Sigmund
  1748 | D:3      | Killed Sigmund
  1748 | D:3      | Reached skill level 5 in Polearms
  1748 | D:3      | Reached skill level 5 in Shields
  1748 | D:3      | Reached XP level 6. HP: 33/47 MP: 6/6
  2365 | D:3      | Reached XP level 7. HP: 38/52 MP: 7/7
  2533 | D:3      | Reached skill level 6 in Polearms
  2598 | D:3      | Found a white marble altar of Elyvilon.
  3020 | D:4      | Found a shimmering altar of Xom.
  3020 | D:4      | Found a shimmering altar of Xom.
  3021 | D:4      | Found a shimmering altar of Xom.
  3021 | D:4      | Found a shimmering altar of Xom.
  3022 | D:4      | Found a shimmering altar of Xom.
  3742 | D:5      | Entered Level 5 of the Dungeon
  3780 | D:5      | Found a staircase to the Ecumenical Temple.
  3828 | Temple   | Entered the Ecumenical Temple
  4087 | Temple   | Became a worshipper of Cheibriados the Contemplative
  4126 | D:5      | Reached skill level 7 in Polearms
  4478 | D:5      | Reached skill level 1 in Invocations
  4478 | D:5      | Reached XP level 8. HP: 58/58 MP: 8/8
  5259 | D:6      | Found a sand-covered staircase.
  5268 | Ossuary  | Entered an ossuary
  5440 | Ossuary  | Reached * piety under Cheibriados
  5581 | D:6      | Noticed B1inky's ghost (amateur OpWz)
  5594 | D:6      | Killed B1inky's ghost
  5594 | D:6      | Reached skill level 8 in Polearms
  5952 | D:6      | Reached XP level 9. HP: 60/64 MP: 11/11
  5997 | D:6      | Gained mutation: You are partially covered in icy blue scales (AC +1). [mutagenic meat]
  5998 | D:6      | Gained mutation: You have sharp toenails. [mutagenic meat]
  6093 | D:6      | Reached ** piety under Cheibriados
  6374 | D:6      | Reached skill level 9 in Polearms
  6644 | D:6      | Reached skill level 5 in Invocations
  6654 | D:6      | Found a shattered altar of Ashenzari.
  7013 | D:7      | Got a smoking long sword
  7014 | D:7      | Identified the +1 long sword "Uhulomiw" {holy, Dex+4} (You found it on level 7 of the Dungeon)
  7203 | D:7      | Reached *** piety under Cheibriados
  7540 | D:7      | Reached skill level 10 in Polearms
  7540 | D:7      | Reached XP level 10. HP: 70/70 MP: 14/14
  8182 | D:8      | Noticed asdu's ghost (novice DEFE)
  8235 | D:8      | Noticed an unseen horror
  8243 | D:8      | Killed an unseen horror
  8243 | D:8      | Reached **** piety under Cheibriados
  8246 | D:8      | Noticed Maurice
  8267 | D:8      | Killed Maurice
  8267 | D:8      | Reached skill level 11 in Polearms
  8317 | D:8      | Noticed a cacodemon
  8318 | D:8      | Found a burning altar of Makhleb.
  8324 | D:8      | Found a glowing silver altar of Zin.
  8324 | D:8      | Noticed an angel
  8403 | D:8      | Noticed a centaur warrior
  8501 | D:8      | Killed a centaur warrior
  8501 | D:8      | Reached skill level 1 in Dodging
  8691 | D:8      | Killed asdu's ghost
  8691 | D:8      | Reached XP level 11. HP: 74/76 MP: 16/16
  9602 | D:9      | Reached ***** piety under Cheibriados
  9744 | D:9      | Found a staircase to the Orcish Mines.
  9828 | D:9      | Reached skill level 5 in Armour
  9915 | D:9      | Reached skill level 5 in Fighting
  9915 | D:9      | Reached skill level 12 in Polearms
 10078 | D:9      | Found a staircase to the Lair.
 10181 | D:9      | Found a sparkling altar of Nemelex Xobeh.
 10430 | Orc:1    | Entered Level 1 of the Orcish Mines
 10671 | Orc:2    | Noticed an orc knight
 10690 | Orc:2    | Killed an orc knight
 10942 | Orc:2    | Found Plog's Assorted Antiques.
 11009 | Orc:2    | You fall through a shaft for 2 floors!
 11009 | Orc:4    | Entered Level 4 of the Orcish Mines
 11092 | Orc:4    | Found a roughly hewn altar of Beogh.
 11100 | Orc:4    | Found a labyrinth entrance.
 11121 | Lab      | Entered a labyrinth
 11452 | Lab      | Reached ****** piety under Cheibriados
 11496 | Lab      | Reached XP level 12. HP: 71/87 MP: 18/18
 12236 | Lab      | Got a brightly glowing turquoise ring
 12361 | Lab      | Noticed a minotaur
 12371 | Lab      | Killed a minotaur
 12378 | Lab      | Got a ring of the Octopus King
 12378 | Lab      | Identified Wurok's Reference Book on Confrontation
 12379 | Lab      | Identified the ring "Caacel" {SustAt rElec Str+2 Dex+4} (You found it in a labyrinth)
 12380 | Lab      | Identified a ring of the Octopus King {AC+1 EV+1 Str+1 Int+1 Dex+1 Stlth+} (You found it in a labyrinth)
 12742 | Orc:3    | Found a staircase to the Elven Halls.
 13019 | Orc:3    | Reached skill level 13 in Polearms
 13040 | Orc:3    | Noticed Josephine
 13049 | Orc:3    | Killed Josephine
 13541 | Orc:2    | Found a roughly hewn altar of Beogh.
 13610 | Orc:1    | Reached skill level 10 in Invocations
 13911 | Orc:1    | Noticed Urug
 13916 | Orc:1    | Killed Urug
 13916 | Orc:1    | Reached skill level 1 in Evocations
 14272 | Orc:2    | Reached skill level 5 in Dodging
 14272 | Orc:2    | Reached skill level 10 in Shields
 14274 | Orc:2    | Reached XP level 13. HP: 96/96 MP: 20/20
 14818 | Orc:4    | Found Hiesilo's Humungous Hoard.
 14873 | Orc:4    | Noticed an orc high priest
 14873 | Orc:4    | Noticed an orc high priest
 14873 | Orc:4    | Noticed an orc high priest
 14874 | Orc:4    | Noticed an orc knight
 14874 | Orc:4    | Noticed an orc knight
 14874 | Orc:4    | Noticed an orc knight
 14874 | Orc:4    | Noticed an orc sorcerer
 14875 | Orc:4    | Noticed an orc sorcerer
 14875 | Orc:4    | Noticed an orc knight
 14875 | Orc:4    | Killed an orc sorcerer
 14876 | Orc:4    | Noticed an orc sorcerer
 14876 | Orc:4    | Killed an orc high priest
 14876 | Orc:4    | Killed an orc high priest
 14876 | Orc:4    | Killed an orc sorcerer
 14877 | Orc:4    | Killed an orc high priest
 14877 | Orc:4    | Killed an orc knight
 14877 | Orc:4    | Killed an orc sorcerer
 14877 | Orc:4    | Killed an orc knight
 14879 | Orc:4    | Noticed an orc sorcerer
 14881 | Orc:4    | Killed an orc knight
 14886 | Orc:4    | Killed an orc knight
 14894 | Orc:4    | Killed an orc sorcerer
 14998 | Orc:4    | Found Qahoukic's Armour Shoppe.
 15293 | Orc:4    | Found Duocaiss's Antique Weapon Boutique.
 15305 | Orc:4    | Found Neudep's Magic Scroll Boutique.
 15307 | Orc:4    | Found Qaom's Book Shoppe.
 15345 | Orc:4    | Bought a wand of heal wounds (5) for 918 gold pieces
 15377 | Orc:4    | Bought a scroll of enchant weapon for 105 gold pieces
 15377 | Orc:4    | Bought a scroll of enchant weapon for 105 gold pieces
 15377 | Orc:4    | Bought a scroll of identify for 28 gold pieces
 15377 | Orc:4    | Bought a scroll of enchant weapon for 105 gold pieces
 15511 | Lair:1   | Entered Level 1 of the Lair of Beasts
 16390 | Lair:1   | Reached skill level 14 in Polearms
 17441 | Lair:3   | Noticed Prince Ribbit
 17452 | Lair:3   | Killed Prince Ribbit
 17776 | Lair:3   | Reached XP level 14. HP: 105/105 MP: 22/22
 18179 | Lair:3   | Noticed Gastronok
 18193 | Lair:3   | Reached skill level 15 in Polearms
 18199 | Lair:3   | Killed Gastronok
 18717 | Lair:4   | Found a staircase to the Snake Pit.
 18771 | Lair:4   | Reached skill level 16 in Polearms
 19075 | Lair:4   | Got a fine plate armour
 19086 | Lair:4   | Identified the +5 plate armour of Hairiness {rElec Str+4} (You found it on level 4 of the Lair of Beasts)
 19125 | Lair:4   | Found a staircase to the Shoals.
 19954 | Lair:5   | Found a glowing golden altar of the Shining One.
 20008 | Lair:5   | Learned a level 5 spell: Aura of Abjuration
 21113 | Lair:6   | Found a radiant altar of Vehumet.
 21522 | Lair:6   | Reached skill level 5 in Evocations
 21522 | Lair:6   | Reached XP level 15. HP: 109/112 MP: 23/23
 22163 | Lair:7   | Reached skill level 17 in Polearms
 22204 | Lair:7   | Found a staircase to the Slime Pits.
 23718 | Lair:8   | Entered Level 8 of the Lair of Beasts
 24485 | Lair:8   | Reached skill level 10 in Fighting
 24548 | Lair:8   | Got a sapphire-studded scale mail
 24559 | Lair:8   | Identified the cursed +1 scale mail of Ithoyfui {Int+2} (You found it on level 8 of the Lair of Beasts)
 25476 | D:10     | Entered Level 10 of the Dungeon
 26141 | D:10     | Reached XP level 16. HP: 122/122 MP: 24/24
 26755 | D:10     | Got a scorched ring mail
 26766 | D:10     | Identified the +0 ring mail of the Harvest {+Fly Dex+5 Stlth-} (You found it on level 10 of the Dungeon)
 27088 | D:11     | Noticed Erolcha
 27095 | D:11     | Killed Erolcha
 27500 | D:11     | Noticed Sonja
 27570 | D:11     | Killed Sonja
 28150 | D:12     | Noticed Frances
 28158 | D:12     | Killed Frances
 28158 | D:12     | Reached skill level 18 in Polearms
 28995 | D:13     | Found Kadubof's Quality Used Wands.
 29266 | D:13     | Noticed Azrael
 29273 | D:13     | Killed Azrael
 30338 | D:14     | Reached skill level 10 in Armour
 30350 | D:14     | Found a gate to the Vaults.
 30856 | D:14     | Reached XP level 17. HP: 130/130 MP: 26/26
 30938 | D:15     | Entered Level 15 of the Dungeon
 31020 | D:15     | Learned a level 1 spell: Apportation
 31024 | D:15     | Learned a level 3 spell: Passwall
 31364 | D:15     | Found a staircase to the Depths.
 31536 | D:15     | Found a runed door.
 32365 | Shoals:1 | Entered Level 1 of the Shoals
 32452 | Shoals:1 | Noticed Donald
 32471 | Shoals:1 | Killed Donald
 34215 | Shoals:2 | Reached XP level 18. HP: 74/140 MP: 28/28
 34723 | Shoals:3 | Learned a level 2 spell: Repel Missiles
 34790 | Shoals:3 | Reached skill level 1 in Charms
 34799 | Shoals:3 | Reached skill level 1 in Air Magic
 36182 | Shoals:4 | Entered Level 4 of the Shoals
 36295 | Shoals:4 | Noticed Kirke
 36315 | Shoals:4 | Reached skill level 1 in Translocations
 36323 | Shoals:4 | Killed Kirke
 36323 | Shoals:4 | Reached skill level 5 in Charms
 36428 | Shoals:4 | Noticed Ilsuiw
 36443 | Shoals:4 | Killed Ilsuiw
 36628 | Shoals:4 | Reached skill level 5 in Air Magic
 36985 | Shoals:4 | Got a barnacled rune of Zot
 37426 | Shoals:4 | Reached skill level 5 in Translocations
 37432 | Shoals:4 | Reached XP level 19. HP: 118/146 MP: 29/29
 37890 | Snake:1  | Entered Level 1 of the Snake Pit
 38297 | Snake:1  | Found Ruluoh's Book Emporium.
 39159 | Snake:1  | Reached skill level 1 in Summonings
 39410 | Snake:1  | Learned a level 5 spell: Phase Shift
 39867 | Snake:2  | Reached skill level 1 in Crossbows
 41778 | Snake:2  | Reached skill level 5 in Crossbows
 42278 | Snake:3  | Noticed Norris
 43145 | Snake:2  | Reached XP level 20. HP: 153/153 MP: 30/30
 44018 | Snake:3  | Killed Norris
 44397 | Snake:3  | Reached skill level 10 in Translocations
 44774 | Snake:4  | Entered Level 4 of the Snake Pit
 44948 | Snake:4  | Reached skill level 10 in Crossbows
 46028 | Snake:4  | Reached XP level 21. HP: 117/159 MP: 11/31
 46120 | Snake:4  | HP: 8/160 [poisoned by a sea snake]
 46126 | Snake:4  | HP: 7/160 [poisoned by a sea snake]
 46133 | Snake:4  | HP: 7/160 [poisoned by a sea snake]
 46139 | Snake:4  | HP: 7/160 [poisoned by a sea snake]
 46148 | Snake:4  | HP: 8/160 [poisoned by a sea snake]
 46721 | Snake:4  | Got a serpentine rune of Zot
 46978 | Snake:4  | Found a shadowy altar of Dithmenos.
 47868 | Vaults:1 | Entered Level 1 of the Vaults
 48715 | Vaults:1 | Found Lekhlauso's Armour Emporium.
 49114 | Vaults:1 | Reached skill level 5 in Summonings
 49780 | Vaults:1 | Got a fine arbalest
 49783 | Vaults:1 | Identified the +2 arbalest "Reymn" {velocity, rElec MR+} (You found it on level 1 of the Vaults)
 49786 | Vaults:1 | Got a smoking arbalest
 49787 | Vaults:1 | Identified the +3 arbalest of Okawaru's Benevolence {venom, rN+ Stlth+} (You found it on level 1 of the Vaults)
 49791 | Vaults:1 | Got a steaming arbalest
 49792 | Vaults:1 | Identified the +4 arbalest of Ataiblu {penet, Str+7 Dex-3 SInv} (You found it on level 1 of the Vaults)
 50039 | Vaults:2 | Reached XP level 22. HP: 145/169 MP: 32/32
 51197 | Vaults:2 | Noticed Xtahua
 51230 | Vaults:2 | HP: 1/169 [Xtahua/searing blast (67)]
 51259 | Vaults:2 | Killed Xtahua
 51677 | Vaults:2 | Found an iron altar of Okawaru.
 52615 | Vaults:2 | Learned a level 2 spell: Shroud of Golubria
 52619 | Vaults:2 | Learned a level 3 spell: Portal Projectile
 52972 | Vaults:2 | Found Zaun's Book Shop.
 53271 | Vaults:3 | Found a staircase to the Crypt.
 54098 | Vaults:3 | Identified a scroll of acquirement
 54101 | Vaults:3 | Got a steaming shield
 54103 | Vaults:3 | Identified the +3 shield "Kuukom" {-Cast rElec rPois MR+} (You acquired it on level 3 of the Vaults)
 54532 | Vaults:3 | Reached XP level 23. HP: 159/177 MP: 33/33
 54897 | Vaults:4 | Found Fasaacw's Armour Shop.
 55642 | Vaults:4 | Reached skill level 15 in Invocations
 55652 | Vaults:4 | Reached skill level 15 in Crossbows
 57393 | Depths:1 | Entered Level 1 of the Depths
 57853 | D:14     | Found an ancient bone altar of Kikubaaqudgha.
 58892 | Depths:1 | Found a gateway to Hell.
 58990 | Depths:1 | Got a scintillating amber ring
 58992 | Depths:1 | Identified the ring "Naimekof" {Fire rElec rPois rN+} (You found it on level 1 of the Depths)
 59792 | Depths:2 | Noticed WildSam's ghost (veteran DsGl)
 59826 | Depths:2 | Killed WildSam's ghost
 59826 | Depths:2 | Reached XP level 24. HP: 115/187 MP: 35/35
 59992 | Depths:2 | Reached skill level 15 in Fighting
 60033 | Depths:2 | Found a gateway to a ziggurat.
 60190 | Depths:2 | Noticed the Enchantress
 60196 | Depths:2 | Killed the Enchantress
 60227 | Depths:2 | Got a faerie dragon armour
 60228 | Depths:2 | Identified the +1 faerie dragon armour {+Fly} (You took it off the Enchantress on level 2 of the Depths)
 60727 | Depths:2 | HP: 2/189 [golden dragon/bolt of fire (47)]
 61346 | Depths:2 | Upgraded the game from 0.17-a0-2064-g265a032 to 0.17-a0-2069-g0f4ee5b
 62786 | Depths:3 | Found a one-way gate leading to the halls of Pandemonium.
 63951 | Depths:4 | Noticed Saint Roka
 63961 | Depths:4 | Reached XP level 25. HP: 153/196 MP: 36/36
 63962 | Depths:4 | Killed Saint Roka
 64058 | Depths:4 | Noticed Frederick
 64062 | Depths:4 | Killed Frederick
 64580 | Depths:4 | Reached skill level 10 in Summonings
 64920 | Depths:4 | Found a one-way gate to the infinite horrors of the Abyss.
 66031 | Depths:5 | Entered Level 5 of the Depths
 66232 | Depths:5 | Reached skill level 19 in Invocations
 66400 | Depths:5 | Found a gate to the Realm of Zot.
 66699 | Depths:5 | Reached XP level 26. HP: 206/206 MP: 36/36
 66962 | Depths:5 | Identified Borgnjor's Disquisition on Helpful Sinister Arts
 66967 | Depths:5 | Learned a level 3 spell: Regeneration
 67038 | Depths:5 | Noticed Boris
 67059 | Depths:5 | Killed Boris
 67202 | Depths:5 | Reached skill level 15 in Shields
 68440 | Vaults:5 | Entered Level 5 of the Vaults
 68444 | Vaults:5 | Reached skill level 1 in Necromancy
 68444 | Vaults:5 | Reached skill level 20 in Invocations
 68640 | Vaults:5 | Noticed Mara
 69040 | Vaults:5 | Reached XP level 27. HP: 199/214 MP: 11/37
 69041 | Vaults:5 | Noticed derrpe's illusion
 69043 | Vaults:5 | Reached skill level 5 in Necromancy
 69049 | Vaults:5 | Killed Mara
 69050 | Vaults:5 | Noticed derrpe's illusion
 69051 | Vaults:5 | Killed Mara
 69911 | Vaults:5 | Got a scintillating brass ring
 69916 | Vaults:5 | Identified the ring of Mepnituimp {MR+ MP+9 Str+6 Stlth-} (You took it off a salamander stormcaller on level 5 of the Vaults)
 70146 | Vaults:5 | Got a pair of faintly glowing gloves
 70148 | Vaults:5 | Identified the +2 pair of gloves of Midnight {rF- Int+3 Dex+9} (You found it on level 5 of the Vaults)
 70941 | Vaults:5 | Got a silver rune of Zot
 71169 | Crypt:1  | Entered Level 1 of the Crypt
 71339 | Crypt:1  | Noticed an ancient lich
 71344 | Crypt:1  | Killed an ancient lich
 72050 | Crypt:2  | Noticed Wiglaf
 72056 | Crypt:2  | Killed Wiglaf
 72921 | Crypt:2  | Got a fine amethyst amulet
 72922 | Crypt:2  | Identified the amulet "Noczivam" {Ward rN+ Str+2 Dex+3} (You found it on level 2 of the Crypt)
 73107 | Crypt:3  | Entered Level 3 of the Crypt
 73570 | Crypt:3  | Found a staircase to the Tomb.
 74320 | Crypt:3  | Found an ancient bone altar of Kikubaaqudgha.
 74326 | Crypt:3  | Noticed an ancient lich
 74330 | Crypt:3  | Killed an ancient lich
 74342 | Crypt:3  | Found a basalt altar of Yredelemnul.
 74363 | Crypt:3  | Identified Caucaomm's Volume of the Escort
 74639 | Crypt:3  | Reached skill level 21 in Invocations
 75407 | Elf:1    | Entered Level 1 of the Elven Halls
 76086 | Elf:1    | Identified a +0 rod of ignition (14/14) (You found it on level 1 of the Elven Halls)
 76240 | Elf:1    | Got a heavily runed crystal plate armour
 76241 | Elf:1    | Identified the +14 crystal plate armour of Untold Secrets {MR+} (You took it off a deep elf high priest on level 1 of the Elven Halls)
 76421 | Elf:2    | Reached skill level 15 in Armour
 76528 | Elf:2    | Got a faintly glowing halberd
 76529 | Elf:2    | Identified the cursed +0 halberd of Conscience {chop, rElec rF+ Str+3} (You found it on level 2 of the Elven Halls)
 76598 | Elf:2    | Found a runed gate.
 76598 | Elf:2    | Found a runed gate.
 76603 | Elf:2    | Found a runed gate.
 77016 | Elf:2    | Found Matz's Weapon Shoppe.
 77149 | Elf:2    | Found Golyro Gaje's Gadget Shop.
 77659 | Elf:3    | Entered Level 3 of the Elven Halls
 78047 | Elf:3    | Found an ancient bone altar of Kikubaaqudgha.
 78565 | Elf:3    | Got a faintly glowing sapphire amulet
 78639 | Elf:3    | Identified the amulet of Disaster {rCorr rN+++ MR- Int+2} (You took it off a deep elf fighter on level 3 of the Elven Halls)
 79091 | Elf:3    | Learned a level 2 spell: Song of Slaying
 79249 | Orc:4    | Bought a book of Enchantments for 700 gold pieces
 79751 | Depths:5 | Reached skill level 1 in Spellcasting
 79842 | Zot:1    | Entered Level 1 of the Realm of Zot
 79849 | Zot:1    | Got a slimy bone ring
 79850 | Zot:1    | Identified the ring "Qucoqes" {rN+ AC+3} (You found it on level 1 of the Realm of Zot)
 80526 | Zot:1    | Reached skill level 10 in Charms
 82425 | Zot:3    | Noticed an ancient lich
 82456 | Zot:3    | Killed an ancient lich
 82456 | Zot:3    | Reached skill level 10 in Air Magic
 83628 | Zot:3    | Noticed an orb of fire
 83640 | Zot:3    | Killed an orb of fire
 83871 | Zot:3    | Noticed an orb of fire
 83892 | Zot:3    | HP: 11/222 [orb of fire/bolt of fire (11)]
 83894 | Zot:3    | Killed an orb of fire
 84755 | Zot:4    | Noticed an orb of fire
 84769 | Zot:4    | Killed an orb of fire
 85793 | Zot:5    | Entered Level 5 of the Realm of Zot
 86359 | Zot:5    | Noticed an ancient lich
 86380 | Zot:5    | Killed an ancient lich
 86420 | Zot:5    | Noticed an orb of fire
 86425 | Zot:5    | Gained mutation: You expend magic power (3 MP) to strengthen your wands. [an orb of fire]
 86432 | Zot:5    | HP: 4/224 [orb of fire/fireball (54)]
 86433 | Zot:5    | Killed an orb of fire
 86638 | Zot:5    | Noticed an ancient lich
 86651 | Zot:5    | Killed an ancient lich
 86663 | Zot:5    | Noticed an orb of fire
 86664 | Zot:5    | Noticed an ancient lich
 86671 | Zot:5    | Killed an ancient lich
 86673 | Zot:5    | Killed an orb of fire
 86748 | Zot:5    | Noticed an orb of fire
 86752 | Zot:5    | Killed an orb of fire
 86834 | Zot:5    | Noticed an orb of fire
 86841 | Zot:5    | Killed an orb of fire
 86841 | Zot:5    | Reached skill level 15 in Air Magic
 88414 | Lair:1   | Learned a level 6 spell: Deflect Missiles
 88581 | Slime:1  | Entered Level 1 of the Pits of Slime
 88726 | Slime:2  | Noticed Dissolution
 88734 | Slime:2  | Killed Dissolution
 90409 | Slime:4  | Gained mutation: Scrolls take you a little longer to read. [a shining eye]
 90426 | Slime:4  | Lost mutation: Scrolls take you a little longer to read. [potion of cure mutation]
 90426 | Slime:4  | Lost mutation: You expend magic power (3 MP) to strengthen your wands. [potion of cure mutation]
 90426 | Slime:4  | Lost mutation: You have sharp toenails. [potion of cure mutation]
 90426 | Slime:4  | Lost mutation: You are partially covered in icy blue scales (AC +1). [potion of cure mutation]
 90537 | Slime:5  | Reached skill level 15 in Charms
 91451 | Slime:6  | Entered Level 6 of the Pits of Slime
 92546 | Slime:6  | Gained mutation: You are weak. (Str -2) [a shining eye]
 92779 | Slime:6  | Noticed the royal jelly
 92780 | Slime:6  | Found a viscous altar of Jiyva.
 92790 | Slime:6  | Killed the royal jelly
 92796 | Slime:6  | Reached skill level 22 in Fighting
 92952 | Slime:6  | Identified a +6 rod of destruction (12/12) (You found it on level 6 of the Pits of Slime)
 92967 | Slime:6  | Got a slimy rune of Zot
 93103 | Slime:6  | Got a smoking iron ring
 93104 | Slime:6  | Identified the ring "Axkiepho" {Ice +Blink MP+9} (You found it on level 6 of the Pits of Slime)
 93107 | Slime:6  | Got a fine glaive
 93110 | Slime:6  | Identified the +11 glaive of Qagatiug {chop, Str+3 Int+3} (You found it on level 6 of the Pits of Slime)
 94064 | Hell     | Entered the Vestibule of Hell
 94064 | Hell     | Noticed Geryon
 94485 | Hell     | Killed Geryon
 94841 | Hell     | Found a gateway to the ashen valley of Gehenna.
 94920 | Hell     | Found a gateway to the decaying netherworld of Tartarus.
 95120 | Hell     | Found a gateway to the Iron City of Dis.
 95165 | Hell     | Found a gateway to the freezing wastes of Cocytus.
 95359 | Coc:1    | Entered Level 1 of Cocytus
 95460 | Coc:2    | Reached skill level 23 in Fighting
 95728 | Coc:3    | Reached skill level 24 in Fighting
 96051 | Coc:5    | Reached skill level 25 in Fighting
 96312 | Coc:7    | Entered Level 7 of Cocytus
 96641 | Coc:7    | Reached skill level 10 in Dodging
 97043 | Coc:7    | Reached skill level 26 in Fighting
 97523 | Coc:7    | Noticed Antaeus
 97758 | Coc:7    | Killed Antaeus
 97797 | Coc:7    | Identified the Reference Book on Earthen Moulding
 97803 | Coc:7    | Got an icy rune of Zot
 97806 | Coc:7    | Identified Esaos's Reference Book on the Arsonist
 98190 | Dis:1    | Entered Level 1 of the Iron City of Dis
 98800 | Dis:3    | Found a huge runed gate.
 98801 | Dis:3    | Found a huge runed gate.
 98802 | Dis:3    | Found a huge runed gate.
 98806 | Dis:3    | Found a huge runed gate.
 98807 | Dis:3    | Found a huge runed gate.
 98815 | Dis:3    | Reached skill level 27 in Fighting
 98827 | Dis:3    | Found a huge runed gate.
 98827 | Dis:3    | Found a huge runed gate.
 98827 | Dis:3    | Found a huge runed gate.
 98827 | Dis:3    | Found a huge runed gate.
 98827 | Dis:3    | Found a huge runed gate.
 99347 | Dis:7    | Entered Level 7 of the Iron City of Dis
 99732 | Dis:7    | Gained mutation: Scrolls take you a little longer to read. [a cacodemon]
 99743 | Dis:7    | Gained mutation: You are clumsy. (Dex -2) [a cacodemon]
 99747 | Dis:7    | Gained mutation: Scrolls take you longer to read. [a cacodemon]
 99763 | Dis:7    | Gained mutation: Your body sometimes deteriorates upon taking damage. [a cacodemon]
 99768 | Dis:7    | Lost mutation: You are weak. (Str -2) [potion of cure mutation]
 99768 | Dis:7    | Lost mutation: Your body sometimes deteriorates upon taking damage. [potion of cure mutation]
 99768 | Dis:7    | Lost mutation: Scrolls take you longer to read. [potion of cure mutation]
 99768 | Dis:7    | Lost mutation: You are clumsy. (Dex -2) [potion of cure mutation]
 99768 | Dis:7    | Lost mutation: Scrolls take you a little longer to read. [potion of cure mutation]
100212 | Dis:7    | Noticed Dispater
100230 | Dis:7    | Killed Dispater
100274 | Dis:7    | Identified the Incunabulum of Sinister Magic and Earth
100304 | Dis:7    | Got an iron rune of Zot
100805 | Geh:1    | Entered Level 1 of Gehenna
101424 | Geh:2    | Reached skill level 15 in Dodging
103200 | Geh:7    | Entered Level 7 of Gehenna
103349 | Geh:7    | Noticed the Serpent of Hell
103359 | Geh:7    | Killed the Serpent of Hell
104271 | Geh:7    | Noticed Asmodeus
104294 | Geh:7    | Killed Asmodeus
104327 | Geh:7    | Got an obsidian rune of Zot
104562 | Tar:1    | Entered Level 1 of Tartarus
105245 | Tar:7    | Entered Level 7 of Tartarus
105590 | Tar:7    | Cast into the Abyss (reaper)
106384 | Abyss:3  | Got an abyssal rune of Zot
106641 | Tar:7    | Escaped the Abyss
106719 | Tar:7    | Identified a +5 rod of clouds (11/11) (You found it on level 7 of Tartarus)
106950 | Tar:7    | Got a scorched amber ring
106953 | Tar:7    | Identified the ring of Trepidation {Wiz MP+9} (You took it off a vampire mage on level 7 of Tartarus)
106986 | Tar:7    | Got a flickering golden ring
106988 | Tar:7    | Got a translucent iron ring
107012 | Tar:7    | Identified the ring "Takkihiceo" {Wiz rN++ SInv Stlth+} (You found it on level 7 of Tartarus)
107014 | Tar:7    | Identified the ring of Lerghantoe {+Blink rPois rF+ Dex+7} (You found it on level 7 of Tartarus)
107214 | Tar:7    | Noticed an ancient lich
107214 | Tar:7    | Noticed an ancient lich
107214 | Tar:7    | Noticed an ancient lich
107229 | Tar:7    | Killed an ancient lich
107236 | Tar:7    | Killed an ancient lich
107243 | Tar:7    | Killed an ancient lich
107280 | Tar:7    | Identified Xoas Atoos's Incunabulum of Feathers and Combat Magic
107368 | Tar:7    | Noticed Ereshkigal
107403 | Tar:7    | Killed Ereshkigal
107433 | Tar:7    | Got a bone rune of Zot
107968 | Pan      | Entered Pandemonium
107975 | Pan      | Noticed Gemiddosi the pandemonium lord
107999 | Pan      | Killed Gemiddosi the pandemonium lord
108099 | Pan      | Noticed a seraph
108101 | Pan      | Got a demonic rune of Zot
108118 | Pan      | Killed a seraph
108191 | Pan      | Found a glowing golden altar of the Shining One.
109217 | Pan      | Found a glowing silver altar of Zin.
110756 | Pan      | Noticed Beemerhy the pandemonium lord
110762 | Pan      | Killed Beemerhy the pandemonium lord
110846 | Pan      | Noticed Uberwunderbarhen's ghost (legendary OpFi)
110872 | Pan      | Killed Uberwunderbarhen's ghost
110888 | Pan      | Found an exit through the horrors of the Abyss.
111194 | Pan      | Noticed Ferhul the pandemonium lord
111213 | Pan      | Killed Ferhul the pandemonium lord
111382 | Pan      | Found an exit through the horrors of the Abyss.
111530 | Pan      | Noticed Riocanec the pandemonium lord
111536 | Pan      | Killed Riocanec the pandemonium lord
111657 | Pan      | Got a translucent bardiche
111658 | Pan      | Identified the +5 bardiche of Gallantry {flame, +Inv MP-9 Str+2 SInv} (You found it in Pandemonium)
111753 | Pan      | Noticed Immeso the pandemonium lord
111763 | Pan      | Killed Immeso the pandemonium lord
112581 | Pan      | Found a runed door.
112651 | Pan      | Found a runed door.
112675 | Pan      | Noticed Vaseplerur the pandemonium lord
112685 | Pan      | Killed Vaseplerur the pandemonium lord
113223 | Pan      | Found a gateway to a ziggurat.
113333 | Pan      | Got a scorched copper ring
113334 | Pan      | Identified the ring of Dexobba {+/*Tele Dex+2} (You found it in Pandemonium)
113352 | Zig:1    | Entered Level 1 of a ziggurat
113385 | Zig:1    | Got a shimmering plate armour
113396 | Zig:1    | Identified the +10 plate armour "Koxzufou" {Int+2} (You acquired it on level 1 of a ziggurat)
113414 | Zig:2    | Entered Level 2 of a ziggurat
113461 | Zig:3    | Entered Level 3 of a ziggurat
113462 | Zig:3    | Noticed a greater mummy
113477 | Zig:3    | Killed a greater mummy
113644 | Zig:4    | Entered Level 4 of a ziggurat
113695 | Zig:5    | Entered Level 5 of a ziggurat
113767 | Zig:6    | Entered Level 6 of a ziggurat
113831 | Zig:6    | Got a steaming triple crossbow
113833 | Zig:6    | Identified the +6 triple crossbow "Ygiezi" {venom, Int+2 SInv} (You found it on level 6 of a ziggurat)
113871 | Zig:7    | Entered Level 7 of a ziggurat
113979 | Zig:8    | Entered Level 8 of a ziggurat
114003 | Zig:8    | Reached skill level 27 in Air Magic
114065 | Zig:8    | Identified the Almanac of Summoning
114196 | Zig:9    | Entered Level 9 of a ziggurat
114271 | Zig:9    | Got an ancient brass ring
114279 | Zig:9    | Identified a cursed +5 rod of inaccuracy (11/11) (You found it on level 9 of a ziggurat)
114283 | Zig:9    | Identified the ring of Osual {rN+ Str+10 Int+7} (You found it on level 9 of a ziggurat)
114325 | Zig:10   | Entered Level 10 of a ziggurat
114408 | Zig:11   | Entered Level 11 of a ziggurat
114531 | Zig:12   | Entered Level 12 of a ziggurat
114675 | Zig:12   | Identified Taluxyada's Tome of Conjuration
114675 | Zig:12   | Identified the Reference Book on Creation
114683 | Zig:12   | Learned a level 1 spell: Summon Butterflies
114764 | Pan      | Gained mutation: You have an increased reservoir of magic (+10% MP). [a neqoxec]
115328 | Pan      | Noticed Xanirok the pandemonium lord
115342 | Pan      | Killed Xanirok the pandemonium lord
115357 | Pan      | Found an exit through the horrors of the Abyss.
115526 | Pan      | Entered the realm of Lom Lobon.
116255 | Pan      | Noticed Lom Lobon
116313 | Pan      | HP: 10/249 [Lom Lobon/great icy blast (44)]
116315 | Pan      | Killed from afar by Lom Lobon

Vault maps used:
D:1:      dpeg_arrival_tiny_d
D:2:      serial_forest, infiniplex_forest_straight_3,
          infiniplex_forest_clump_double, infiniplex_forest_clump_long,
          infiniplex_forest_straight_3, infiniplex_forest_lined_room_,
          infiniplex_forest_end_1, nemelex_dance_club_becter, uniq_terence
D:3:      lemuel_round_altar, lemuel_round_altar, uniq_sigmund
D:4:      serial_forest, infiniplex_forest_clump_double,
          infiniplex_forest_lined_room_3, infiniplex_forest_clump_diagonal,
          infiniplex_forest_clump_C, infiniplex_forest_lined_corner,
          first_bread, xom_redecorated
D:5:      minmay_temple_entry_trees, hangedman_glass_teeth
D:6:      ashenzari_altar_1, lightli_ossuary_entry_decrepit_ruins
D:7:      grunt_ogre_cave
D:8:      grunt_temple_overflow_order_and_chaos_2, roderic_cross_of_infinity,
          uniq_maurice
D:9:      lemuel_doored_altar, david_lair_generic
D:11:     uniq_erolcha, uniq_sonja
D:12:     uniq_frances
D:13:     hangedman_arrow_trap, nicolae_for_you_no_charge, uniq_azrael
D:14:     lemuel_upstairs_altar, grunt_vaults_entry_tiered, spider_trap
D:15:     grunt_enter_depths_magical_seal, minmay_misc_feat_rows,
          minmay_crystal_box
Temple:   triangle_lava_temple_12
Lair:1:   serial_bayou_pond_c, lemuel_fruit_fields
Lair:2:   special_room, roderic_batcave, lemuel_fruit_fields
Lair:3:   nicolae_quartered_pool_medium, infiniplex_staircase_pool_2,
          serial_bayou_shore_b, uniq_gastronok, uniq_prince_ribbit2
Lair:4:   shoals_dummy_entry, dummy_snake_entry, beast_lair_carwin_6,
          lemuel_fruit_fields
Lair:5:   basic_altar
Lair:6:   serial_bayou, serial_bayou_shore_b, serial_bayou_crossing,
          serial_bayou_pond_b, serial_bayou_pond_d, lemuel_oklob_altar
Lair:7:   minmay_slime_entry_jelly_boxes, nicolae_lair_yak_garden,
          grunt_megastairs_2, infiniplex_staircase_pool
Lair:8:   minmay_lair_end_frog_pond, small_statue_intersection,
          lemuel_fruit_fields
Shoals:1: hangedman_shoal_octodias, uniq_donald
Shoals:2: ldierk_geyser
Shoals:4: shoals_end_hangedman, shoal_ilsuiw, uniq_kirke
Snake:1:  serial_shops, shop, spider_trap, st_stairs_9
Snake:2:  serial_bayou_shore_b
Snake:3:  uniq_norris
Snake:4:  grunt_snake_rune_pools, basic_altar
Slime:2:  dissolution_awaits
Slime:3:  cheibrodos_slime_lost_civilization_6
Orc:1:    enter_bailey_2, uniq_urug
Orc:2:    serial_shops, nicolae_shop_behind_doors, basic_altar,
          nicolae_orc_stony_grotto, mines5_lemuel
Orc:3:    nicolae_orc_pool_cavern, uniq_josephine
Orc:4:    st_orc_elflike, basic_altar, lab_entry_generic, nicolae_alphabet_shops
Elf:1:    orc_legates
Elf:2:    serial_shops, nicolae_shop_stone, shop_statue,
          hangedman_elf_simple_split
Elf:3:    minmay_elf_hall_dome, basic_altar
Vaults:1: grunt_vaults_hallway_long, nicolae_vaults_big_ls,
          nicolae_vaults_alarming, ontoclasm_vaults_bender,
          nicolae_vaults_yaktaur_gun_rack, grunt_vaults_funnel,
          ontoclasm_vaults_decontamination, hangedman_vaults_stitches,
          ontoclasm_vaults_hangar, nicolae_vaults_mini_display_case,
          serial_shops, nicolae_shop_stone
Vaults:2: hangedman_vaults_pinch, v_misc_4, ontoclasm_vaults_tryst,
          v_alt_pattern_1, v_misc_23, grunt_vaults_swirl,
          grunt_vaults_hallway_short, v_alt_pattern_3,
          vaults_room_stairs_pillars, serial_shops, shop_fountains, basic_altar,
          uniq_xtahua
Vaults:3: nicolae_vaults_triangles, minmay_crypt_entry_nasty_monster,
          vaults_room_boxed, nicolae_vaults_hallways_thing,
          hangedman_vaults_stretched_pinwheel, nicolae_vaults_little_squares_6,
          vaults_room_grunt_arrival_checkpoint, ontoclasm_vaults_ring_small,
          hangedman_vaults_stagger, vaults_room_ringed_pool,
          vaults_room_semicircle, vaults_room_semicircle, hangedman_vaults_trim
Vaults:4: nicolae_vaults_what_the_h, v_misc_22, vaults_dpeg_hooks,
          hangedman_vaults_maws, v_misc_28, vaults_room_glass_cross,
          serial_shops, nicolae_shop_crystal
Vaults:5: uniq_mara
Crypt:1:  grunt_crypt_arrival_split
Crypt:2:  uniq_wiglaf
Crypt:3:  lightli_unholy_cathedral, tomb_entry_simple_bobbens
Depths:1: kennysheep_cross_bottleneck, grunt_hell_entry_demonic_statue,
          laboratory
Depths:2: evilmike_cross, enter_ziggurat_b, grunt_hell_entry_dis_grunt,
          minmay_misc_feat_diagonals, kennysheep_flooded_box,
          hangedman_decor_opposing, infiniplex_staircase_door_maze,
          uniq_enchantress
Depths:3: minmay_ice_pillars, rand_demon_pan_entry_8, pf_hell_entry_great_geh,
          grunt_tough_drop, serial_bayou_shore_a
Depths:4: kennysheep_demon_jail, serial_sigils, serial_sigils_hangedman_confine,
          serial_sigils_hangedman_stare, serial_sigils_hangedman_gut,
          serial_sigils_hangedman_clutch, abyss_entry, hellmouth_1,
          uniq_frederick, uniq_saint_roka
Depths:5: grunt_zot_entry_hairpin, hell_entry, hangedman_abyss_entry_splay,
          special_room, uniq_boris
Dis:2:    evilmike_ambush
Dis:3:    door_vault
Dis:4:    lemuel_elevator
Dis:6:    hangedman_dis_decor_tower
Dis:7:    dis_st
Geh:1:    hangedman_generic_boss_arena
Geh:4:    lemuel_flamethrower_2
Geh:7:    geh_hangedman
Coc:2:    minmay_fire_ice_demons
Coc:3:    ice2_lemuel
Coc:6:    hangedman_mysterious_dungeon_monster_house
Coc:7:    coc_hangedman
Tar:3:    nicolae_tar_cuneiform_oil, nicolae_tar_fractal_crypt
Tar:5:    nicolae_tar_cuneiform_city
Tar:7:    tar_old
Zot:3:    grunt_deathspiral_small
Abyss:3:  patterned_corridor
Pan:      rand_demon_6, evilmike_holy_pan, rand_demon_7,
          evilmike_mini_pan_branches, pan_blood_fountain, grunt_pan_in_and_out,
          uniq_mennas_pan, evilmike_mini_pan_thingy, nicolae_pan_diamonds,
          evilmike_mini_pan_thingy, pan_blood_fountain_2,
          nicolae_pan_cerebovesque_1, rand_demon_7, lemuel_hall_of_pain,
          pan_blood_fountain, evilmike_mini_pan_pillars_b, pan_blood_fountain,
          enter_ziggurat_pan_a, pan_blood_fountain_small, grunt_pan_zigzag,
          grunt_pan_zigzag, pan_blood_fountain_2, evilmike_mini_pan_doors_b,
          pan_blood_fountain_2, nicolae_pan_sigil_uleosi,
          nicolae_pan_gloorx_vloqian_3, lom_lobon_grunt_wind_tunnels
Zig:5:    ziggurat_loot_1
Zig:7:    ziggurat_pillar_centre_dead_trees
Zig:11:   ziggurat_loot_3
Zig:12:   ziggurat_loot_3
Lab:      nicolae_lab_t_cross, nicolae_lab_lava, nicolae_lab_garden,
          lab_fountain, nicolae_lab_do_over, labyrinth_skeletal_remains,
          nicolae_lab_big_swirl, nicolae_lab_flowing_pool, nicolae_lab_grate_2,
          nicolae_lab_plus, labyrinth_glass_2
Ossuary:  ossuary_tomb_2

Action                   |  1- 3 |  4- 6 |  7- 9 | 10-12 | 13-15 | 16-18 | 19-21 | 22-24 | 25-27 || total
-------------------------+-------+-------+-------+-------+-------+-------+-------+-------+-------++-------
Melee: Trident           |   124 |   178 |   216 |       |       |       |       |       |       ||   518
       Spear             |       |       |   390 |       |       |       |       |       |       ||   390
       Hand axe          |       |       |    98 |    52 |       |       |       |       |       ||   150
       Glaive            |       |       |       |   718 |  1191 |       |       |       |  6526 ||  8435
       Battleaxe         |       |       |       |       |    22 |   483 |       |       |       ||   505
       Demon trident     |       |       |       |       |       |   688 |  1215 |  1260 |  1172 ||  4335
       Bardiche          |       |       |       |       |       |       |       |     9 |  1382 ||  1391
 Fire: Shortbow          |       |       |       |       |       |   111 |       |       |       ||   111
       Arbalest          |       |       |       |       |       |       |   126 |   386 |  1917 ||  2429
       Triple crossbow   |       |       |       |       |       |       |       |       |     7 ||     7
Throw: Stone             |    48 |    39 |    38 |    71 |       |       |       |       |       ||   196
       Tomahawk          |       |       |    64 |   205 |   512 |   165 |   206 |   271 |   310 ||  1733
       Throwing net      |       |       |       |       |     2 |       |       |       |     5 ||     7
       Javelin           |       |       |       |       |       |   156 |   335 |   100 |       ||   591
 Cast: Repel Missiles    |       |       |       |       |       |     1 |     4 |     1 |    11 ||    17
       Phase Shift       |       |       |       |       |       |       |     2 |       |   164 ||   166
       Shroud of Golubri |       |       |       |       |       |       |       |       |   132 ||   132
       Aura of Abjuratio |       |       |       |       |       |       |       |       |    35 ||    35
       Regeneration      |       |       |       |       |       |       |       |       |   369 ||   369
       Song of Slaying   |       |       |       |       |       |       |       |       |    49 ||    49
       Apportation       |       |       |       |       |       |       |       |       |    31 ||    31
       Deflect Missiles  |       |       |       |       |       |       |       |       |    13 ||    13
       Portal Projectile |       |       |       |       |       |       |       |       |     5 ||     5
Invok: Slouch            |       |       |       |     2 |    10 |    14 |    11 |    10 |    54 ||   101
       Step From Time    |       |       |       |       |       |       |     2 |     1 |     5 ||     8
       Bend Time         |       |       |       |       |       |       |       |       |     1 ||     1
       Temporal Distorti |       |       |       |       |       |       |       |       |     1 ||     1
 Abil: Evoke Invisibilit |       |       |     1 |     1 |       |       |       |       |     1 ||     3
       Dig               |       |       |       |       |       |       |       |       |    16 ||    16
       Stop Singing      |       |       |       |       |       |       |       |       |     2 ||     2
       Evoke Flight      |       |       |       |       |       |       |       |       |     1 ||     1
Evoke: Wand              |       |       |       |     7 |    22 |    15 |     5 |    20 |    20 ||    89
       Deck              |       |       |       |     1 |     2 |     3 |     2 |     2 |     2 ||    12
       Sack of spiders   |       |       |       |       |       |     2 |     1 |     4 |       ||     7
       Box of beasts     |       |       |       |       |       |     4 |     3 |       |       ||     7
       Lamp of fire      |       |       |       |       |       |       |     1 |     3 |     3 ||     7
       Fan of gales      |       |       |       |       |       |       |       |     1 |       ||     1
       Phantom mirror    |       |       |       |       |       |       |       |       |     1 ||     1
  Use: Potion            |     1 |     7 |     4 |     2 |     1 |     4 |     9 |     2 |    25 ||    55
       Scroll            |       |       |     5 |    10 |    22 |    12 |     8 |    26 |    66 ||   149
 Stab: Invisible         |       |       |    13 |     4 |       |       |       |       |    14 ||    31
       Petrifying        |       |       |       |       |     1 |       |       |       |     1 ||     2
       Held in net/web   |       |       |       |       |       |     1 |       |     2 |       ||     3
       Confused          |       |       |       |       |       |     1 |       |       |       ||     1
       Distracted        |       |       |       |       |       |     2 |     4 |       |    10 ||    16
       Paralysed         |       |       |       |       |       |       |       |     9 |     1 ||    10
  Eat: Chunk             |       |     5 |    12 |     9 |    16 |    10 |     8 |    13 |    46 ||   119
       Meat ration       |       |       |     1 |     3 |     2 |     1 |     1 |     1 |    18 ||    27
       Pizza             |       |       |       |       |     4 |     2 |     2 |       |     4 ||    12
       Beef jerky        |       |       |       |       |       |       |     5 |     1 |    10 ||    16
       Royal jelly       |       |       |       |       |       |       |       |     3 |    19 ||    22
       Bread ration      |       |       |       |       |       |       |       |       |     8 ||     8
       Fruit             |       |       |       |       |       |       |       |       |     1 ||     1
